 Dungeon Crawl Stone Soup version 0.29.1-12-g30fa7ad0bf (webtiles) character file.

Game seed: 11854551451436779218

7322 wormed the Basher (level 10, -11/139 HPs)
             Began as a Minotaur Berserker on Dec 24, 2022.
             Was an Elder of Trog.
             Mangled by a cyan ugly thing (15 damage)
             ... on level 9 of the Dungeon.
             The game lasted 00:17:41 (10142 turns).

wormed the Basher (Minotaur Berserker)             Turns: 10142, Time: 00:17:42

Health: -11/139    AC: 17    Str: 27    XL:     10   Next: 90%
Magic:  9/9        EV:  9    Int:  4    God:    Trog [****..]
Gold:   535        SH:  6    Dex:  9    Spells: 9/9 levels left

rFire   . . .      SeeInvis .   G - +2 morningstar (vorpal)
rCold   . . .      Faith    .   M - +0 kite shield
rNeg    + . .      Spirit   .   H - +1 chain mail {rPois}
rPois   +          Reflect  .   m - +1 hat
rElec   .          Harm     .   L - +0 cloak
rCorr   .          Rampage  .   (no gloves)
Will    ++...                   z - +1 pair of boots
Stlth   ..........              (no amulet)
HPRegen 1.33/turn               D - ring of positive energy
MPRegen 0.11/turn               (no ring)

@: berserking, strong-willed, regenerating, very quick
A: horns 2, retaliatory headbutt
a: Renounce Religion, Berserk, Trog's Hand, Brothers in Arms


You were on level 9 of the Dungeon.
You worshipped Trog.
Trog was greatly pleased with you.
You visited 1 branch of the dungeon, and saw 9 of its levels.

You collected 535 gold pieces.

Inventory:

Hand Weapons
 G - a +2 vorpal morningstar (weapon)
Missiles
 e - 4 atropa-tipped darts (quivered)
 r - 6 javelins
 s - 3 throwing nets
 v - 15 poisoned darts
Armour
 m - a +1 hat (worn)
 y - a +3 chain mail
 z - a +1 pair of boots (worn)
 H - a +1 chain mail of poison resistance (worn)
 L - a +0 cloak (worn)
 M - a +0 kite shield (worn)
Jewellery
 j - a ring of ice
 D - a ring of positive energy (left hand)
Wands
 p - a wand of charming (27)
 w - a wand of light (11)
 A - a wand of roots (3)
 E - a wand of mindburst (15)
Scrolls
 b - 3 scrolls of enchant armour {unknown}
 f - 2 scrolls of identify
 g - 5 scrolls of blinking {unknown}
 k - a scroll of fear {unknown}
 n - a scroll of amnesia {unknown}
 o - 6 scrolls of teleportation
 t - 3 scrolls of noise {unknown}
 x - 2 scrolls of vulnerability {unknown}
 C - a scroll of butterflies {unknown}
 F - a scroll of immolation {unknown}
 I - a scroll of brand weapon {unknown}
 K - 3 scrolls of enchant weapon {unknown}
Potions
 a - 2 potions of haste {unknown}
 c - 4 potions of curing
 d - 4 potions of mutation
 h - a potion of resistance
 i - 4 potions of brilliance
 l - a potion of might
 q - a potion of heal wounds
 u - 2 potions of attraction {unknown}
 B - a potion of ambrosia {unknown}
 J - a potion of flight {unknown}


   Skills:
 + Level 9.9 Fighting
 - Level 12.0 Maces & Flails
 + Level 9.7 Armour
 + Level 8.7 Dodging
 * Level 1.0 Shields
 + Level 2.9 Evocations


You had 9 spell levels left.
You didn't know any spells.
Your spell library was empty.

Dungeon Overview and Level Annotations

Branches:
Dungeon (9/15)             Temple (0/1) D:4            Lair (0/5) D:9
    Orc (0/2) D:9

Altars:
Ru
Sif Muna
Trog
Zin

Shops:
D:1 [


Innate Abilities, Weirdness & Mutations

You have a pair of horns on your head.
You reflexively headbutt those who attack you in melee.


Message History

Trog accepts your kill.
Your Shields skill increases to level 1!
Your skin crawls.
You feel strong-willed.
Your ogre rages.
You hear a shout!
You puncture the cyan ugly thing! You headbutt the cyan ugly thing.
The cyan ugly thing is moderately wounded.
Your ogre stops moving altogether!
The cyan ugly thing pecks you but does no damage.
You puncture the cyan ugly thing!
You headbutt the cyan ugly thing, but do no damage.
The cyan ugly thing is moderately wounded.
The cyan ugly thing pecks you but does no damage.
A yak comes into view.
The centaur warrior unwields a +0 shortbow.
The centaur warrior hits you but does no damage.
The centaur warrior kicks you but does no damage.
You closely miss the centaur warrior. The cyan ugly thing pecks you.
The cyan ugly thing shocks you!
* * * LOW HITPOINT WARNING * * *
Something hits your ogre. The yak gores your ogre!
The centaur warrior hits you!
* * * LOW HITPOINT WARNING * * *
The centaur warrior kicks you but does no damage.
A red film seems to cover your vision as you go berserk!
You feel yourself moving faster!
You feel mighty!
The centaur warrior hits you but does no damage.
The centaur warrior barely misses you.
The cyan ugly thing pecks you but does no damage.
The yak gores your ogre! Something hits your ogre.
The centaur warrior hits you!
* * * LOW HITPOINT WARNING * * *
The centaur warrior kicks you but does no damage.
You hit the cyan ugly thing.
The cyan ugly thing is heavily wounded.
The cyan ugly thing pecks you!
* * * LOW HITPOINT WARNING * * *
The cyan ugly thing shocks you!
You die...

#.## #.....###... ###..#
###.......## ##....####
#....##.... ###......#.#
##.....)....
##...###..#.###...........
##..#.###..................
#..#####...................
#######..######..................
..........|.# ##@.#........##....
......##...####uc...............
#####.......c....................
#....c...........................
.....####....#.........###.#.....
..(.. ##..#..........#[#.....##
.###. #...O.........###....#.# ..
#.†.Y.............#.##.. l.
#...........##.#. #..#..


You could see a cyan ugly thing, a centaur warrior, a yak (ally target) and a
friendly ogre (summoned, berserk, petrified).

Vanquished Creatures
  A two-headed ogre (D:8)
  A manticore (D:9)
  2 komodo dragons (D:9)
  2 wyverns (D:9)
  4 yaks (D:9)
  Eustachio (D:5)
  2 basilisks (D:9)
  A steam dragon (D:8)
  Edmund (D:6)
  2 acid dragons
  4 water moccasins (D:7)
  A black bear (D:5)
  A swamp drake (D:9)
  3 ice beasts (D:6)
  3 sky beasts
  5 orc warriors
  3 ogres
  2 phantoms
  A kobold brigand (D:4)
  3 bullfrogs
  2 necrophages
  2 gnoll sergeants
  2 scorpions
  A water moccasin zombie (D:3)
  The ghost of Morynth the Poker, a weakling MfMo of the Shining One (D:3)
  2 howler monkeys (D:8)
  A centaur zombie (D:3)
  A hound (D:6)
  3 gnoll boudas
  3 jellies
  8 orc priests
  An iguana (D:6)
  10 orc wizards
  26 gnolls
  7 adders
  2 white imps (D:7)
  An ufetubus (D:5)
  2 dart slugs
  22 orcs
  7 ball pythons
  2 endoplasms
  5 giant cockroaches
  6 goblins
  8 hobgoblins
  7 jackals
  13 kobolds
  3 quokkas
  4 bats
  4 frilled lizards
  5 rats
204 creatures vanquished.

Vanquished Creatures (collateral kills)
  A basilisk (D:9)
1 creature vanquished.

Vanquished Creatures (others)
  15 plants (D:4)
15 creatures vanquished.

Grand Total: 220 creatures vanquished

Notes
Turn   | Place    | Note
-------+----------+-------------------------------------------
     0 | D:1      | wormed the Minotaur Berserker began the quest for the Orb.
     0 | D:1      | Reached XP level 1. HP: 19/19 MP: 0/0
   312 | D:1      | Reached XP level 2. HP: 27/27 MP: 1/1
   317 | D:1      | Reached skill level 4 in Maces & Flails
   523 | D:1      | Found Linoixtouru's Armour Boutique.
   576 | D:1      | HP: 1/40 [jackal (2)]
   903 | D:1      | Reached XP level 3. HP: 20/33 MP: 2/2
   904 | D:1      | Reached ** piety under Trog
  1594 | D:2      | Found a shimmering blue altar of Sif Muna.
  2134 | D:2      | You fall into a shaft and drop 1 floor!
  2134 | D:3      | Found a runed translucent gate.
  2134 | D:3      | Found a runed translucent gate.
  2138 | D:3      | Found a runed translucent gate.
  2140 | D:3      | Noticed Morynth's ghost (weakling MfMo)
  2360 | D:3      | Reached XP level 4. HP: 40/40 MP: 3/3
  2547 | D:3      | Found a bloodstained altar of Trog.
  2835 | D:3      | Killed Morynth's ghost
  2836 | D:3      | Reached skill level 5 in Maces & Flails
  2836 | D:3      | Reached XP level 5. HP: 47/47 MP: 4/4
  3002 | D:4      | Found a glowing silver altar of Zin.
  3016 | D:4      | Reached XP level 6. HP: 44/55 MP: 5/5
  3162 | D:4      | Reached skill level 5 in Fighting
  3162 | D:4      | Reached skill level 6 in Maces & Flails
  3553 | D:4      | Found a staircase to the Ecumenical Temple.
  3611 | D:4      | Reached XP level 7. HP: 48/61 MP: 6/6
  4050 | D:5      | Entered Level 5 of the Dungeon
  4078 | D:5      | Reached skill level 7 in Maces & Flails
  4200 | D:5      | Reached skill level 5 in Armour
  4225 | D:5      | Reached *** piety under Trog
  4509 | D:5      | Noticed Eustachio
  4527 | D:5      | Killed Eustachio
  4528 | D:5      | Reached skill level 5 in Dodging
  4533 | D:5      | Reached skill level 8 in Maces & Flails
  4533 | D:5      | Reached XP level 8. HP: 56/70 MP: 7/7
  5588 | D:6      | Reached skill level 9 in Maces & Flails
  6043 | D:6      | Noticed Edmund
  6066 | D:6      | Killed Edmund
  6067 | D:6      | Reached XP level 9. HP: 75/79 MP: 8/8
  6456 | D:7      | Reached skill level 10 in Maces & Flails
  6990 | D:7      | Found a sacrificial altar of Ru.
  7008 | D:7      | Reached **** piety under Trog
  7328 | D:7      | Reached skill level 11 in Maces & Flails
  8072 | D:8      | Noticed a two-headed ogre
  8080 | D:8      | Killed a two-headed ogre
  8081 | D:8      | Reached XP level 10. HP: 35/90 MP: 9/9
  8938 | D:9      | Noticed a manticore
  8955 | D:9      | Killed a manticore
  8956 | D:9      | Reached skill level 12 in Maces & Flails
  9004 | D:9      | Reached skill level 1 in Evocations
  9524 | D:9      | Reached ***** piety under Trog
  9619 | D:9      | Found a staircase to the Lair.
  9900 | D:9      | Found a staircase to the Orcish Mines.
 10121 | D:9      | Noticed a cyan ugly thing
 10121 | D:9      | Noticed a centaur warrior
 10137 | D:9      | Reached skill level 1 in Shields
 10142 | D:9      | HP: 4/139 [cyan ugly thing (12)]
 10142 | D:9      | Mangled by a cyan ugly thing

Illustrated notes

Levels and vault maps discovered:
D:1:      psy_arrival_terrarium, layout_basic, serial_shops, shop
D:2:      layout_loops_ring, basic_altar
D:3:      layout_rooms, lemuel_coloured_pillars_altar,
          gammafunk_ghost_necromancy
D:4:      layout_rooms, mainiacjoe_overflow_six_doors_small,
          minmay_temple_entry_arrows, lexackson_kobold_supper
D:5:      layout_loops_ring, minmay_holes, uniq_eustachio
D:6:      layout_basic, minivault_1, kennysheep_potato, uniq_edmund
D:7:      layout_basic, nicolae_ru_great_annihilating_truth, chequers_jeans
D:8:      layout_gridville
D:9:      layout_cave_pools, mainiacjoe_overflow_alcove_2, erik_lair_dragon,
          orc_0_dummy, serial_glass, glass_columns_a, glass_columns_a,
          item_on_display_a, minmay_radiant

Skill      XL: |  1  2  3  4  5  6  7  8  9 10 |
---------------+-------------------------------+-----
Maces & Flails | 4 5 6 8 9 11 12 | 12.0
Fighting       | 4 5 6 7 8 9 |  9.9
Armour         | 3 4 5 6 8 9 |  9.7
Dodging        | 3 4 5 6 7 8 |  8.7
Evocations     | 2 |  2.9
Shields        | 1 |  1.0

Action                   |  1- 3 |  4- 6 |  7- 9 | 10-12 || total
-------------------------+-------+-------+-------+-------++-------
Melee: Mace              |    92 |    79 |   302 |       ||   473
       Headbutt          |    17 |    10 |    57 |    24 ||   108
       Punch             |     1 |     2 |     4 |     1 ||     8
       Morningstar       |       |       |    25 |   128 ||   153
Invok: Berserk           |     1 |     3 |       |     1 ||     5
       Trog's Hand       |       |       |       |     2 ||     2
       Brothers in Arms  |       |       |       |     1 ||     1
  Use: Scroll            |       |       |     7 |       ||     7
       Potion            |       |       |     1 |     2 ||     3
 Stab: Paralysed         |       |       |     2 |       ||     2
Armor: Animal skin       |    14 |       |       |       ||    14
       Scale mail        |       |    22 |    25 |       ||    47
       Chain mail        |       |       |   123 |    68 ||   191
Dodge: Dodged            |    76 |    48 |   139 |    73 ||   336
Block: Kite shield       |       |       |       |     4 ||     4
